AoeStats
← AOKI_Shogi

Nomad

508733105Analyzed
4v4 RM · 9d ago on Sep 23, 2026· 47m 3s· 8 players
Game mode
Random Map
Map size
231×231
Population
200
Speed
Normal
Resources
Standard
Victory
Conquest
Starting age
Dark Age
Ending age
Imperial Age
RankedLock teamsTeams togetherTeam positionsShared explorationLock speedFull tech treeHidden civsTurbo modeCheats
Victory
Defeat
🇦🇷 Persians · Argentina
1463
+15
🇪🇸 Teutons · Spain
1453
+16
🇻🇳 Turks · Vietnam
1443
+16
🇧🇷 Britons · Brazil
1431
+16
🇨🇭 Malians · Switzerland
1465
-16
🇫🇷 Varangians · France
1455
-16
🇫🇷 Celts · France
1442
-16
🇫🇷 Saxons · France
1413
-15
thanh7531
3:05 Loom
13:16 Feudal Age
16:20 Forging
21:55 Castle Age
20:33 Scale Barding Armor
20:54 Double-Bit Axe
22:45 Wheelbarrow
21:56 Town Watch
27:28 Imperial Age
25:55 Bloodlines
30:47 Fishing Lines
35:00 Gold Mining
35:46 Husbandry
37:22 Horse Collar
41:25 Gold Shaft Mining
40:41 Stone Mining
42:26 Chain Barding Armor
42:42 Iron Casting
43:46 Gillnets
46:25 Blast Furnace
GuguBot
5:20 Loom
13:23 Feudal Age
17:16 Castle Age
15:50 Fletching
15:55 Fishing Lines
18:31 Bodkin Arrow
20:52 Double-Bit Axe
25:42 Padded Archer Armor
33:04 Imperial Age
33:02 Ballistics
33:49 Bracer
35:25 Chemistry
35:38 Conscription
40:52 Medium Warships
44:04 Elite Longbowman
45:06 Leather Archer Armor
48:02 Yeomen
[TOX2] A-c-Syno-666
11:05 Loom
13:11 Feudal Age
13:51 Double-Bit Axe
15:51 Forging
17:47 Horse Collar
23:24 Castle Age
23:24 Bloodlines
23:21 Scale Barding Armor
23:08 Gold Mining
24:22 Bow Saw
24:23 Heavy Plow
26:49 Wheelbarrow
30:38 Chain Barding Armor
30:20 Husbandry
32:07 Iron Casting
45:10 Imperial Age
42:59 Hand Cart
45:07 Cavalier
46:20 Crop Rotation
47:34 Gold Shaft Mining
47:45 Plate Barding Armor
48:11 Blast Furnace
Garabatov
4:50 Loom
12:57 Feudal Age
18:48 Wheelbarrow
18:18 Double-Bit Axe
19:38 Horse Collar
20:08 Fletching
26:06 Castle Age
27:10 Bow Saw
28:19 Bodkin Arrow
30:15 Guard Tower
30:37 Masonry
30:36 Padded Archer Armor
31:58 Gold Mining
34:00 Man-at-Arms
36:01 Long Swordsman
36:28 Gambesons
36:43 Squires
36:47 Scale Mail Armor
38:11 Chain Mail Armor
41:49 Imperial Age
39:42 Hand Cart
41:32 Ballistics
41:19 Arson
42:10 Town Watch
41:56 Two-Handed Swordsman
42:59 Conscription
42:57 Heavy Plow
43:22 Champion
45:17 Chemistry
45:29 Crop Rotation
45:31 Plate Mail Armor
46:05 Town Patrol
atchoubaka
6:01 Loom
13:57 Feudal Age
16:18 Stone Mining
16:19 Fletching
16:27 Double-Bit Axe
18:55 Castle Age
22:49 Wheelbarrow
25:05 Bow Saw
25:33 Bodkin Arrow
27:20 Fishing Lines
28:50 Scale Mail Armor
32:12 Hand Cart
32:30 Horse Collar
34:08 Pikeman
35:30 Chain Mail Armor
37:59 Forging
40:57 Iron Casting
Daniel Chassagnez
3:32 Loom
6:00 Loom
12:43 Feudal Age
17:14 Castle Age
15:15 Double-Bit Axe
15:34 Fishing Lines
17:47 Scale Barding Armor
17:52 Forging
18:22 Bow Saw
18:23 Gillnets
18:31 Horse Collar
19:03 Fletching
20:14 Heavy Plow
22:53 Wheelbarrow
24:45 Hand Cart
24:15 Town Watch
24:34 Stone Mining
26:11 Gold Mining
26:52 Bodkin Arrow
31:44 Scale Barding Armor
32:49 Bloodlines
32:39 Husbandry
46:35 Stone Shaft Mining
BehCoY
13:58 Feudal Age
14:02 Loom
18:00 Castle Age
16:35 Double-Bit Axe
17:27 Fishing Lines
18:12 Fletching
20:32 Scale Mail Armor
20:43 Forging
26:46 Iron Casting
26:27 Chain Mail Armor
26:40 Bow Saw
27:55 Gillnets
28:51 Horse Collar
30:44 Wheelbarrow
30:51 Heavy Plow
30:43 Gold Mining
36:25 Imperial Age
35:20 Squires
34:43 Man-at-Arms
34:53 Man-at-Arms
35:58 Long Swordsman
38:04 Hand Cart
37:18 Two-Handed Swordsman
38:42 Stone Mining
39:28 Gold Shaft Mining
39:24 Crop Rotation
38:42 Arson
45:13 Plate Mail Armor
44:05 Champion
AOKI_Shogi
9:04 Loom
14:05 Feudal Age
14:41 Double-Bit Axe
15:19 Gold Mining
18:42 Fletching
19:53 Wheelbarrow
18:59 Fishing Lines
21:39 Town Watch
26:09 Castle Age
24:24 Stone Mining
25:46 Scale Mail Armor
25:57 Forging
27:05 Bow Saw
27:13 Chain Mail Armor
27:28 Bodkin Arrow
27:56 Hand Cart
27:35 Gillnets
29:08 Iron Casting
29:18 Iron Casting
28:30 Arson
28:45 Squires
32:22 Imperial Age
34:38 Two-Man Saw
34:57 Gold Shaft Mining
35:27 Chemistry
35:12 Siege Engineers
36:17 Bracer
37:19 Ballistics
39:46 Plate Mail Armor
42:35 Shield Wall
Connection lost

Rejoining the realm…

Still unreachable

The connection could not be restored.

Session expired

The server has moved on; the page needs a fresh start.